 Dungeon Crawl Stone Soup version 0.24.1-14-gf8d2b509d9 (webtiles) character file.

Game seed: 15575515041722708561, levelgen mode: deterministic

4497 evilpenguin128 the Protected (level 10, -8/79 HPs)
             Began as a Minotaur Fighter on May 22, 2020.
             Was a Follower of Hepliaklqana.
             Mangled by a basilisk (9 damage)
             ... on level 8 of the Dungeon.
             The game lasted 02:38:18 (8323 turns).

evilpenguin128 the Protected (Minotaur Fighter)     Turns: 8323, Time: 02:38:19

Health: -8/79      AC: 14    Str: 23    XL:     10   Next: 16%
Magic:  18/18      EV:  8    Int:  6    God:    Hepliaklqana [*.....]
Gold:   392        SH:  6    Dex: 10    Spells: 9/9 levels left

rFire    . . .     SeeInvis .   Q - +0 dire flail
rCold    . . .     Gourm    .   (shield currently unavailable)
rNeg     . . .     Faith    .   G - +0 plate armour
rPois    .         Spirit   .   (helmet restricted)
rElec    .         Reflect  +   (no cloak)
rCorr    .         Harm     .   (no gloves)
MR       .....                  (no boots)
Stlth    ..........             x - +6 amulet of reflection
HPRegen  0.23/turn              V - ring of magical power
MPRegen  0.16/turn              (no ring)

@: about to teleport
A: retaliatory headbutt, reduced essence, horns 2
a: Recall Ancestor, Ancestor Identity, Renounce Religion


You were on level 8 of the Dungeon.
You worshipped Hepliaklqana.
Hepliaklqana was aware of your devotion.
You were hungry.

You visited 2 branches of the dungeon, and saw 9 of its levels.
You also visited: Ossuary.

You collected 392 gold pieces.

Inventory:

Hand Weapons
 j - a cursed -3 war axe
 p - a +4 quarterstaff of chaos
 w - a +0 long sword
 y - a +0 glaive
 C - a +0 arbalest
 H - a +0 hunting sling
 M - a +2 short sword of venom
 Q - a +0 dire flail (weapon)
 R - a +0 shortbow
 U - a +0 glaive
Missiles
 h - 189 stones (quivered)
 r - 72 sling bullets
 J - 3 curare-tipped darts
 O - 5 poisoned darts
 P - 94 arrows
Armour
 c - a +0 shield
 D - a +0 chain mail
 G - a +0 plate armour (worn)
Magical Staves
 F - an uncursed staff of air {unknown}
Jewellery
 a - an uncursed ring of protection from cold {unknown}
 o - an uncursed ring of teleportation
 x - a +6 amulet of reflection (around neck)
 T - a +2 ring of dexterity {unknown}
 V - a ring of magical power (left hand)
 Y - an uncursed ring of resist corrosion {unknown}
Wands
 q - a wand of digging (2)
 B - a wand of flame (18)
 X - a wand of random effects (20)
Scrolls
 e - 10 scrolls of identify
 k - a scroll of noise {unknown}
 n - a scroll of fog {unknown}
 u - 3 scrolls of magic mapping
 v - 2 scrolls of enchant armour {unknown}
 z - 2 scrolls of enchant weapon {unknown}
 E - 3 scrolls of remove curse
 K - a scroll of teleportation
Potions
 b - a potion of ambrosia {unknown}
 d - 2 potions of might
 g - 3 potions of agility
 i - 2 potions of brilliance {unknown}
 l - 2 potions of haste
 m - a potion of heal wounds {unknown}
 s - 2 potions of invisibility {unknown}
 t - 6 potions of flight
 A - a potion of magic {unknown}
 I - 2 potions of resistance {unknown}
 L - 5 potions of curing
 S - 2 potions of lignification {unknown}
 Z - 2 potions of berserk rage {unknown}
Comestibles
 f - 9 rations


   Skills:
 + Level 7.7 Fighting
 + Level 0.9(5.4) Maces & Flails
 + Level 7.4(9.3) Polearms
 + Level 8.5(9.8) Staves
 + Level 3.4 Throwing
 + Level 9.1 Armour
 + Level 3.2 Dodging
 + Level 2.1 Stealth
 + Level 6.5 Shields
 + Level 0.2 Evocations


You had 9 spell levels left.
You didn't know any spells.
Your spell library was empty.

Dungeon Overview and Level Annotations

Branches:
Dungeon (8/15)             Temple (1/1) D:6         Ossuary (visited)
   Lair: D:8-11

Altars:
Ashenzari
Cheibriados
Elyvilon
Fedhas
Gozag
Hepliaklqana
Kikubaaqudgha
Makhleb
Nemelex Xobeh
Okawaru
Qazlal
Ru
Sif Muna
Trog
Uskayaw
Vehumet
Wu Jian
Xom
Zin
The Shining One

Shops:
D:5 [


Innate Abilities, Weirdness & Mutations

You reflexively headbutt those who attack you in melee.
You have a pair of horns on your head.
Your life essence is reduced to manifest your ancestor. (-10% HP)


Message History

* * * LOW HITPOINT WARNING * * *
The yak gores you but does no damage.
A crocodile comes into view.
The basilisk gazes at you. You resist with some effort.
The yak gores you but does no damage. x2
The basilisk gazes at you. The yak gores you but does no damage.
The yak gores you!
* * * LOW HITPOINT WARNING * * *
The basilisk bites you but does no damage.
The yak gores you but does no damage. x2; The basilisk bites you.
* * * LOW HITPOINT WARNING * * *
You turn to flesh and can move again.
Okay, then.
As you read the scroll of teleportation, it crumbles to dust.
You feel strangely unstable. The yak gores you but does no damage.
The yak gores you.
* * * LOW HITPOINT WARNING * * *
The basilisk bites you!
You die...

#.#.>##.####.#
............# #......
...# # #.##.###..# P.
#.........# ...##
#.##.###..# .....##.##.#
#..# ..P.tt#Y...###..#
###
P...llY@†.......######..
...P♣##l####.##........#
P.(.?..Yr........####..#
..[.....####.#.#.###.>.#
..(P♣.### #...........#
... .. #.#.#.###)..# P.
?.. #.....# ##..# . .#.
#.#.### #..# .##. ...#.
##..


You could see 3 yaks, 2 basilisks, 2 crocodiles, an iguana and a porcupine.

Vanquished Creatures
  A two-headed ogre (D:8)
  Grinder (D:6)
  Prince Ribbit (D:6)
  2 hippogriffs
  2 porcupines (D:8)
  An orc warrior (D:5)
  2 sky beasts (D:6)
  2 phantoms
  An ogre (D:5)
  2 centaurs (D:6)
  A crocodile (D:8)
  A bullfrog (D:6)
  Blork the orc (D:6)
  10 scorpions
  2 howler monkeys
  An electric eel (D:6)
  3 crimson imps
  3 centaur zombies
  Crazy Yiuf (D:2)
  3 human zombies (Ossuary)
  An orc wizard (D:5)
  4 orc priests
  2 centaur skeletons (D:4)
  3 hounds
  A jelly (D:6)
  4 worker ants
  Terence (D:3)
  2 iguanas (D:4)
  2 mummies (Ossuary)
  A worker ant zombie (D:6)
  A gnoll (D:5)
  3 adders (D:6)
  A scorpion zombie (Ossuary)
  A shadow imp (D:6)
  An ooze (D:6)
  An adder skeleton (D:4)
  A worm (D:5)
  3 dart slugs
  5 leopard geckos
  19 orcs
  7 giant cockroaches
  A gnoll zombie (Ossuary)
  5 goblins
  5 hobgoblins
  10 kobolds
  5 quokkas
  A ball python (D:2)
  7 bats
  2 frilled lizards
  4 goblin zombies (Ossuary)
  2 hobgoblin zombies (Ossuary)
  A kobold zombie (Ossuary)
  An orc zombie (Ossuary)
  5 rats
  2 fungi (D:2)
  8 plants (D:3)
164 creatures vanquished.

Vanquished Creatures (collateral kills)
  An ogre (D:7)
  A big kobold (D:8)
  A wyvern zombie (D:6)
  A bullfrog (D:5)
  A scorpion (Ossuary)
  A vampire bat (D:7)
  A worker ant (D:5)
  A big kobold zombie (Ossuary)
  A mummy (Ossuary)
  An orc (D:5)
  A bat (D:7)
  A kobold (D:8)
  A kobold zombie (Ossuary)
13 creatures vanquished.

Vanquished Creatures (others)
  3 ancestors
  A kobold (D:8)
4 creatures vanquished.

Grand Total: 181 creatures vanquished

Notes
Turn   | Place    | Note
-------+----------+-------------------------------------------
     0 | D:1      | evilpenguin128 the Minotaur Fighter began the quest for the
                  | Orb.
     0 | D:1      | Reached XP level 1. HP: 19/19 MP: 0/0
   395 | D:2      | Reached skill level 4 in Armour
   395 | D:2      | Reached XP level 2. HP: 26/27 MP: 1/1
   601 | D:2      | Found a runed translucent door.
   602 | D:2      | Noticed Crazy Yiuf
   609 | D:2      | Killed Crazy Yiuf
   609 | D:2      | Reached XP level 3. HP: 13/33 MP: 0/2
  1437 | D:3      | Noticed Terence
  1446 | D:3      | Killed Terence
  1446 | D:3      | Reached XP level 4. HP: 24/40 MP: 3/3
  1952 | D:4      | Found a shimmering altar of Xom.
  1955 | D:4      | Found a hide-covered altar of Uskayaw.
  1963 | D:4      | Reached skill level 1 in Staves
  1963 | D:4      | Reached skill level 1 in Dodging
  1969 | D:4      | Reached XP level 5. HP: 24/46 MP: 4/4
  2362 | D:4      | Found an ancient bone altar of Kikubaaqudgha.
  2451 | D:4      | Reached skill level 5 in Armour
  2598 | D:4      | Reached XP level 6. HP: 47/53 MP: 5/5
  3219 | D:5      | Entered Level 5 of the Dungeon
  3287 | D:5      | Found Peczuxt's Armour Shoppe.
  3349 | D:5      | Noticed an orc warrior
  3359 | D:5      | Reached skill level 1 in Throwing
  3359 | D:5      | Reached XP level 7. HP: 20/60 MP: 6/6
  3369 | D:5      | HP: 2/60 [howler monkey (3)]
  3484 | D:6      | Noticed Blork the orc
  3487 | D:6      | Found a staircase to the Ecumenical Temple.
  3492 | D:6      | HP: 2/60 [adder (4)]
  3626 | D:6      | Reached skill level 5 in Staves
  3635 | D:6      | Reached skill level 6 in Armour
  3643 | D:5      | Reached skill level 5 in Shields
  3917 | D:6      | Reached skill level 5 in Fighting
  4019 | D:6      | Found a bloodstained altar of Trog.
  4086 | D:6      | Found a glowing golden altar of the Shining One.
  4099 | D:6      | Found a glowing silver altar of Zin.
  4255 | D:6      | Reached XP level 8. HP: 68/68 MP: 7/7
  4264 | D:6      | Noticed Prince Ribbit
  4281 | D:6      | Reached skill level 1 in Stealth
  4439 | D:6      | Killed Blork the orc
  4501 | Temple   | Entered the Ecumenical Temple
  4537 | Temple   | Became a worshipper of Hepliaklqana the Forgotten
  4621 | D:6      | Killed Prince Ribbit
  4621 | D:6      | Reached skill level 7 in Armour
  5277 | D:6      | Noticed Grinder
  5283 | D:6      | Paralysed by Grinder for 3 turns
  5292 | D:6      | Killed Grinder
  5854 | D:5      | Reached XP level 9. HP: 60/67 MP: 8/8
  6235 | D:5      | Found a sacrificial altar of Ru.
  6247 | D:5      | Found a shattered altar of Ashenzari.
  6411 | D:7      | Reached skill level 8 in Armour
  6553 | D:7      | Found a sand-covered staircase.
  6558 | Ossuary  | Entered an ossuary
  6971 | Ossuary  | Reached skill level 5 in Polearms
  7681 | D:7      | Found a white marble altar of Elyvilon.
  7844 | D:8      | Reached * piety under Hepliaklqana
  8005 | D:8      | Noticed a two-headed ogre
  8012 | D:8      | Killed a two-headed ogre
  8012 | D:8      | Reached skill level 9 in Armour
  8012 | D:8      | Reached XP level 10. HP: 46/77 MP: 9/9
  8323 | D:8      | HP: 1/79 [yak (5)]
  8323 | D:8      | Mangled by a basilisk

Levels and vault maps discovered:
D:1:      wheals_arrival_shading, layout_basic, palyth_stone_intersect
D:2:      layout_loops_ring, uniq_crazy_yiuf_cottage
D:3:      cheibrodos_old_hovel, layout_basic, first_ration, chequers_avenue,
          minmay_misc_feat_square, uniq_terence
D:4:      wad_river_or_something, layout_loops_ring, grunt_temple_overflow_open
D:5:      layout_basic, amethyst_overflow_temple_binary,
          kennysheep_windowed_goal
D:6:      layout_rooms, minmay_overflow_temple_star_quad,
          minmay_temple_entry_large_hall, hangedman_decor_clover_reticule,
          kennysheep_potato, uniq_blork_the_orc, uniq_grinder,
          uniq_prince_ribbit1
D:7:      layout_cave_pools, kennysheep_little_box, enter_ossuary_5,
          grunt_livestock, minmay_misc_feat_iff, roderic_batcave
D:8:      layout_loops_ring, lemuel_mausoleum_altar_yredelemnul,
          nicolae_dithmenos_the_darkroom, minmay_lair_entry_grove, uniq_harold,
          uniq_gastronok
Temple:   minmay_freezing_vapour_temple

Skill      XL: |  1  2  3  4  5  6  7  8  9 |
---------------+----------------------------+-----
Armour         | 4 5 6 7 9 |  9.1
Fighting       | 4 5 6 7 |  7.7
Polearms       | 3 7 |  7.4
Shields        | 4 5 6 |  6.5
Staves         | 1 3 4 5 8 |  8.5
Dodging        | 1 2 3 |  3.2
Throwing       | 1 2 3 |  3.4
Stealth        | 1 2 |  2.1
Maces & Flails | |  0.9
Evocations     | |  0.2

Action                   |  1- 3 |  4- 6 |  7- 9 | 10-12 || total
-------------------------+-------+-------+-------+-------++-------
Melee: Trident           |    63 |       |       |       ||    63
       Headbutt          |    17 |    36 |    36 |     4 ||    93
       Quarterstaff      |    29 |   147 |   121 |       ||   297
       Glaive            |       |       |   130 |       ||   130
       Dire flail        |       |       |     5 |    22 ||    27
Throw: Stone             |     5 |     6 |    53 |       ||    64
Invok: Recall Ancestor   |       |       |     1 |       ||     1
Evoke: Wand              |       |     3 |     1 |     1 ||     5
  Use: Scroll            |       |     1 |     5 |     1 ||     7
       Potion            |       |     1 |     5 |       ||     6
 Stab: Petrified         |       |       |     1 |       ||     1
       Paralysed         |       |       |     1 |       ||     1
       Distracted        |       |       |     1 |       ||     1
  Eat: Ration            |     1 |       |     2 |       ||     3
       Chunk             |       |     5 |     8 |       ||    13
Armor: Scale mail        |    29 |    15 |       |       ||    44
       Chain mail        |       |    17 |   121 |       ||   138
       Plate armour      |       |       |     1 |    23 ||    24
Dodge: Dodged            |    32 |    40 |   103 |     9 ||   184
Block: Shield            |    22 |       |       |       ||    22
       Other             |     7 |    35 |    75 |     5 ||   122
       Reflection        |       |     1 |     2 |       ||     3
